DSL
DSL ARIZONA DIAMONDBACKS @ DSL CHICAGO (A) WHITE SOX
07/26/2041
 
TOP OF THE 1ST
DSL Arizona Diamondbacks batting - Pitching for DSL Chicago (A) White Sox : RHP Dan Willis
Pitching: RHP Dan Willis
Batting: RHB Tim Gordon 0-0: Foul Ball, location: 7LDF
0-1: Ball
1-1: Called Strike
1-2: SOLO HOME RUN (Flyball, 7LD, EV 90.6 MPH), Distance : 349 ft
Batting: RHB Sean Mitchell 0-0: Swinging Strike
0-1: Foul Ball, location: 2F
0-2: Ball
1-2: Strikes out swinging
Batting: RHB Xavier Gómez 0-0: Foul Ball, location: 2F
0-1: Ball
1-1: Ball
2-1: Swinging Strike
2-2: Strikes out swinging
Batting: RHB Jorge Franco 0-0: Ball
1-0: Swinging Strike
1-1: Ball
2-1: Called Strike
2-2: Strikes out swinging
Top of the 1st over - 1 run, 1 hit, 0 errors, 0 left on base; DSL Arizona 1 - DSL Chicago (A) 0
BOTTOM OF THE 1ST
DSL Chicago (A) White Sox batting - Pitching for DSL Arizona Diamondbacks : LHP Josh Keller
Pitching: LHP Josh Keller
Batting: LHB Wally Muller 0-0: Ball
1-0: Called Strike
1-1: Foul Ball, location: 7LDF
1-2: Foul Ball, location: 7LMF
1-2: Ball
2-2: Ball
3-2: Foul Ball, location: 2F
3-2: Strikes out swinging
Batting: RHB Greg Gill 0-0: Called Strike
0-1: Ball
1-1: Called Strike
1-2: Ball
2-2: Strikes out swinging
Batting: SHB Josh Dean 0-0: Called Strike
0-1: Swinging Strike
0-2: Foul Ball, location: 3SF
0-2: Ball
1-2: Strikes out looking
Bottom of the 1st over - 0 runs, 0 hits, 0 errors, 0 left on base; DSL Arizona 1 - DSL Chicago (A) 0
TOP OF THE 2ND
DSL Arizona Diamondbacks batting - Pitching for DSL Chicago (A) White Sox : RHP Dan Willis
Batting: RHB Qabil Makaev 0-0: Called Strike
0-1: Called Strike
0-2: Strikes out swinging
Batting: LHB Ed House 0-0: Ball
1-0: Foul Ball, location: 3DF
1-1: Foul Ball, location: 2RF
1-2: DOUBLE (Line Drive, 9LM, EV 98.1 MPH)
Batting: RHB Darren Gates 0-0: Ball
1-0: Called Strike
1-1: Ball
2-1: Foul Ball, location: 9LDF
2-2: Ball
3-2: Base on Balls
Batting: RHB Jesús Correa 0-0: Called Strike
0-1: Called Strike
0-2: Strikes out swinging
Batting: RHB Norberto Vega 0-0: Fly out, F6 (Popup, P, EV 85.6 MPH)
Top of the 2nd over - 0 runs, 1 hit, 0 errors, 2 left on base; DSL Arizona 1 - DSL Chicago (A) 0
BOTTOM OF THE 2ND
DSL Chicago (A) White Sox batting - Pitching for DSL Arizona Diamondbacks : LHP Josh Keller
Batting: RHB José López 0-0: Called Strike
0-1: Swinging Strike
0-2: Ball
1-2: Ball
2-2: Ground out 6-3 (Groundball, 6, EV 101.9 MPH)
Batting: LHB Jesús Meza 0-0: Swinging Strike
0-1: Called Strike
0-2: Strikes out looking
Batting: RHB Rob Anderson 0-0: Ball
1-0: Ball
2-0: Called Strike
2-1: Swinging Strike
2-2: SINGLE (Line Drive, 6MD, EV 72.5 MPH)
Batting: LHB Steve Crews 0-0: Swinging Strike
0-1: Swinging Strike
0-2: Foul Ball, location: 2F
0-2: Ball
1-2: Strikes out swinging
Bottom of the 2nd over - 0 runs, 1 hit, 0 errors, 1 left on base; DSL Arizona 1 - DSL Chicago (A) 0
TOP OF THE 3RD
DSL Arizona Diamondbacks batting - Pitching for DSL Chicago (A) White Sox : RHP Dan Willis
Batting: RHB Tim Gordon 0-0: Ball
1-0: Ball
2-0: Swinging Strike
2-1: Ball
3-1: Base on Balls
Batting: RHB Sean Mitchell 0-0: Ball
1-0: Sac Bunt to 15 - play at first, batter OUT! 1-3
Tim Gordon to second
Batting: RHB Xavier Gómez 0-0: Foul Ball, location: 9LSF
0-1: Foul Ball, location: 3DF
0-2: Fly out, F9 (Flyball, 9LM, EV 98.1 MPH)
Runner from 2nd tags up, SAFE at 3rd, no throw by RF
Batting: RHB Jorge Franco 0-0: Foul Ball, location: 2F
0-1: Foul Ball, location: 3DF
0-2: Ground out U3 (Groundball, 34, EV 98.8 MPH)
Top of the 3rd over - 0 runs, 0 hits, 0 errors, 1 left on base; DSL Arizona 1 - DSL Chicago (A) 0
BOTTOM OF THE 3RD
DSL Chicago (A) White Sox batting - Pitching for DSL Arizona Diamondbacks : LHP Josh Keller
Batting: RHB Randy Greer 0-0: Ball
1-0: Fly out, F9 (Flyball, 9S, EV 93.8 MPH)
Batting: RHB Bob Nolan 0-0: Called Strike
0-1: Swinging Strike
0-2: Strikes out swinging
Batting: LHB Wally Muller 0-0: Called Strike
0-1: Ball
1-1: Called Strike
1-2: Strikes out swinging
Bottom of the 3rd over - 0 runs, 0 hits, 0 errors, 0 left on base; DSL Arizona 1 - DSL Chicago (A) 0
TOP OF THE 4TH
DSL Arizona Diamondbacks batting - Pitching for DSL Chicago (A) White Sox : RHP Dan Willis
Batting: RHB Qabil Makaev 0-0: Called Strike
0-1: SINGLE (Line Drive, 8LS, EV 94.4 MPH)
Batting: LHB Ed House 0-0: Ball
1-0: Sac Bunt to 15S - play at second, runner OUT! 1-6
Batting: RHB Darren Gates 0-0: Ball
1-0: Ball
2-0: Ball
3-0: Base on Balls
Ed House to second
Batting: RHB Jesús Correa 0-0: Called Strike
0-1: Foul Ball, location: 25F
0-2: Ball
1-2: Ball
2-2: Strikes out swinging
Batting: RHB Norberto Vega 0-0: Called Strike
0-1: Ball
1-1: Ball
2-1: Ball
3-1: Foul Ball, location: 9LDF
3-2: Base on Balls
Ed House to third
Darren Gates to second
Batting: RHB Tim Gordon 0-0: Called Strike
0-1: Swinging Strike
0-2: DOUBLE (Line Drive, 89D, EV 106.9 MPH)
Ed House scores
Darren Gates scores
Norberto Vega to third
Runner from 3rd tries for Home, SAFE, throw by CF to home
Batting: RHB Sean Mitchell 0-0: Fly out, F8 (Flyball, 8RXD, EV 88.8 MPH)
Top of the 4th over - 3 runs, 2 hits, 0 errors, 1 left on base; DSL Arizona 4 - DSL Chicago (A) 0
BOTTOM OF THE 4TH
DSL Chicago (A) White Sox batting - Pitching for DSL Arizona Diamondbacks : LHP Josh Keller
Batting: RHB Greg Gill 0-0: Ball
1-0: Ground out 5-3 (Groundball, 56D, EV 96.3 MPH)
Batting: SHB Josh Dean 0-0: SINGLE (Groundball, 4MD, EV 94.4 MPH)
Batting: RHB José López 0-0: Ball
1-0: Ball
2-0: Ball
3-0: Base on Balls
Josh Dean to second
Batting: LHB Jesús Meza 0-0: Ball
1-0: Foul Ball, location: 5F
1-1: Ball
2-1: Swinging Strike
2-2: Strikes out swinging
Batting: RHB Rob Anderson 0-0: Ball
Wild Pitch!
Josh Dean to third
José López to second
1-0: Foul Ball, location: 23F
1-1: Swinging Strike
1-2: Ball
2-2: Ball
3-2: Foul Ball, location: 25F
3-2: Foul Ball, location: 23F
3-2: Base on Balls
Batting: LHB Steve Crews 0-0: Swinging Strike
0-1: Swinging Strike
0-2: Strikes out swinging
Bottom of the 4th over - 0 runs, 1 hit, 0 errors, 3 left on base; DSL Arizona 4 - DSL Chicago (A) 0
TOP OF THE 5TH
DSL Arizona Diamondbacks batting - Pitching for DSL Chicago (A) White Sox : RHP Dan Willis
Batting: RHB Xavier Gómez 0-0: Ball
1-0: Ball
2-0: Ball
3-0: Called Strike
3-1: Base on Balls
Batting: RHB Jorge Franco 0-0: Called Strike
0-1: Swinging Strike
0-2: Foul Ball, location: 5F
0-2: Ball
1-2: Strikes out looking
Batting: RHB Qabil Makaev 0-0: Foul Ball, location: 9LDF
0-1: Ball
Wild Pitch!
Xavier Gómez to second
1-1: Swinging Strike
1-2: Ball
2-2: Foul Ball, location: 2F
2-2: Fly out, F7 (Flyball, 7D, EV 95.0 MPH)
Runner from 2nd tags up, SAFE at 3rd, no throw by LF
Pitching: RHP Jeff Jones
Batting: LHB Ed House 0-0: Called Strike
0-1: Foul Ball, location: 23F
0-2: Ball
1-2: Ball
2-2: Ball
3-2: Ground out U3 (Groundball, 34, EV 90.0 MPH)
Top of the 5th over - 0 runs, 0 hits, 0 errors, 1 left on base; DSL Arizona 4 - DSL Chicago (A) 0
BOTTOM OF THE 5TH
DSL Chicago (A) White Sox batting - Pitching for DSL Arizona Diamondbacks : LHP Josh Keller
Batting: RHB Randy Greer 0-0: Ball
1-0: Swinging Strike
1-1: Foul Ball, location: 9LMF
1-2: Ball
2-2: Strikes out swinging
Batting: RHB Bob Nolan 0-0: Called Strike
0-1: Ball
1-1: Foul Ball, location: 3F
1-2: Strikes out swinging
Batting: LHB Wally Muller 0-0: Ball
1-0: Called Strike
1-1: Ball
2-1: Swinging Strike
2-2: Strikes out looking
Bottom of the 5th over - 0 runs, 0 hits, 0 errors, 0 left on base; DSL Arizona 4 - DSL Chicago (A) 0
TOP OF THE 6TH
DSL Arizona Diamondbacks batting - Pitching for DSL Chicago (A) White Sox : RHP Jeff Jones
Batting: RHB Darren Gates 0-0: Called Strike
0-1: Swinging Strike
0-2: Ball
1-2: Foul Ball, location: 2F
1-2: Ball
2-2: Ball
3-2: Fly out, F7 (Flyball, 7, EV 90.6 MPH)
Batting: RHB Jesús Correa 0-0: Foul Ball, location: 23FF
0-1: Ground out 1-3 (Groundball, 15S, EV 63.8 MPH)
Batting: RHB Norberto Vega 0-0: Called Strike
0-1: Swinging Strike
0-2: Ball
1-2: Strikes out swinging
Top of the 6th over - 0 runs, 0 hits, 0 errors, 0 left on base; DSL Arizona 4 - DSL Chicago (A) 0
BOTTOM OF THE 6TH
DSL Chicago (A) White Sox batting - Pitching for DSL Arizona Diamondbacks : LHP Josh Keller
Batting: RHB Greg Gill 0-0: Ball
1-0: Foul Ball, location: 2F
1-1: Ball
2-1: Foul Ball, location: 2RF
2-2: Foul Ball, location: 9LSF
2-2: Foul Ball, location: 3DF
2-2: Strikes out swinging
Batting: SHB Josh Dean 0-0: SOLO HOME RUN (Line Drive, 89XD, EV 113.1 MPH), Distance : 458 ft
Batting: RHB José López 0-0: Ball
1-0: Called Strike
1-1: Swinging Strike
1-2: Ball
2-2: Foul Ball, location: 23F
2-2: Foul Ball, location: 2F
2-2: Ball
3-2: Base on Balls
Batting: LHB Jesús Meza 0-0: Called Strike
0-1: Ball
1-1: Swinging Strike
1-2: Strikes out swinging
Batting: RHB Rob Anderson 0-0: Ball
1-0: Foul Ball, location: 7LDF
1-1: 2-RUN HOME RUN (Flyball, 8RXD, EV 113.1 MPH), Distance : 447 ft
Batting: LHB Steve Crews 0-0: Swinging Strike
0-1: Called Strike
0-2: Foul Ball, location: 7LSF
0-2: Strikes out looking
Bottom of the 6th over - 3 runs, 2 hits, 0 errors, 0 left on base; DSL Arizona 4 - DSL Chicago (A) 3
TOP OF THE 7TH
DSL Arizona Diamondbacks batting - Pitching for DSL Chicago (A) White Sox : RHP Jeff Jones
Batting: RHB Tim Gordon 0-0: Ball
1-0: Called Strike
1-1: Ball
2-1: Foul Ball, location: 23F
2-2: Strikes out swinging
Batting: RHB Sean Mitchell 0-0: Ball
1-0: Foul Ball, location: 2F
1-1: Foul Ball, location: 2LF
1-2: Ball
2-2: Foul Ball, location: 3FF
2-2: SOLO HOME RUN (Flyball, 9LD, EV 95.0 MPH), Distance : 356 ft
Batting: RHB Xavier Gómez 0-0: Foul Ball, location: 2F
0-1: Fly out, F7 (Line Drive, 7LM, EV 103.1 MPH)
Batting: RHB Jorge Franco 0-0: Fly out, F7 (Flyball, 78M, EV 93.8 MPH)
Top of the 7th over - 1 run, 1 hit, 0 errors, 0 left on base; DSL Arizona 5 - DSL Chicago (A) 3
BOTTOM OF THE 7TH
DSL Chicago (A) White Sox batting - Pitching for DSL Arizona Diamondbacks : LHP Josh Keller
Batting: RHB Randy Greer 0-0: Ball
1-0: Fly out, F8 (Flyball, 78M, EV 99.4 MPH)
Pitching: RHP Cristo Martínez
Batting: RHB Bob Nolan 0-0: Foul Ball, location: 2F
0-1: Ball
1-1: Swinging Strike
1-2: Ball
2-2: Strikes out swinging
Batting: LHB Wally Muller 0-0: Ball
1-0: Called Strike
1-1: Swinging Strike
1-2: Ball
2-2: Strikes out swinging
Bottom of the 7th over - 0 runs, 0 hits, 0 errors, 0 left on base; DSL Arizona 5 - DSL Chicago (A) 3
TOP OF THE 8TH
DSL Arizona Diamondbacks batting - Pitching for DSL Chicago (A) White Sox : RHP Jeff Jones
Batting: RHB Qabil Makaev 0-0: Foul Ball, location: 2F
0-1: Ball
1-1: Foul Ball, location: 2F
1-2: Ground out 4-3 (Groundball, 4, EV 101.3 MPH)
Batting: LHB Ed House 0-0: Ball
1-0: Foul Ball, location: 7LDF
1-1: Foul Ball, location: 7LSF
1-2: SINGLE (Groundball, 3S, EV 75.0 MPH) (infield hit)
Batting: RHB Darren Gates 0-0: Ball
1-0: Ball
2-0: Called Strike
2-1: SINGLE (Groundball, 6D, EV 106.3 MPH)
Ed House to second
Batting: RHB Jesús Correa 0-0: Called Strike
0-1: Called Strike
0-2: Strikes out swinging
Pinch Hitting: LHB Alan Gordon 0-0: Called Strike
0-1: Ball
1-1: Ball
2-1: Called Strike
2-2: Ball
3-2: Fly out, F7 (Flyball, 7, EV 89.4 MPH)
Top of the 8th over - 0 runs, 2 hits, 0 errors, 2 left on base; DSL Arizona 5 - DSL Chicago (A) 3
BOTTOM OF THE 8TH
DSL Chicago (A) White Sox batting - Pitching for DSL Arizona Diamondbacks : RHP Cristo Martínez
Now at 2B: Jeff Loughens
Now at SS: Jesús Correa
Pinch Hitting: LHB Raúl Sánchez 0-0: Called Strike
0-1: Foul Ball, location: 2F
0-2: Ball
1-2: Strikes out swinging, 2-3 out at first.
Batting: SHB Josh Dean 0-0: Ball
1-0: Foul Ball, location: 5FF
1-1: Foul Ball, location: 2F
1-2: Ball
2-2: Ball
3-2: Fly out, F8 (Flyball, 8RXD, EV 90.0 MPH)
Batting: RHB José López 0-0: Ball
1-0: Foul Ball, location: 5F
1-1: Foul Ball, location: 23FF
1-2: Ball
2-2: Ball
3-2: Foul Ball, location: 5FF
3-2: Foul Ball, location: 2F
3-2: Foul Ball, location: 7LSFF
3-2: Foul Ball, location: 2F
3-2: Base on Balls
Batting: LHB Jesús Meza 0-0: Ball
1-0: Foul Ball, location: 2F
1-1: Swinging Strike
1-2: Ball
2-2: Ball
3-2: Strikes out looking
Bottom of the 8th over - 0 runs, 0 hits, 0 errors, 1 left on base; DSL Arizona 5 - DSL Chicago (A) 3
TOP OF THE 9TH
DSL Arizona Diamondbacks batting - Pitching for DSL Chicago (A) White Sox : RHP Jeff Jones
Pitching: LHP Jesús Rodríguez
Now at 2B: Pat Watson
Batting: RHB Tim Gordon 0-0: Ball
1-0: Called Strike
1-1: Foul Ball, location: 9LDF
1-2: Ground out 6-3 (Groundball, 6, EV 68.1 MPH)
Batting: RHB Sean Mitchell 0-0: Ball
1-0: Called Strike
1-1: Foul Ball, location: 2F
1-2: Ball
2-2: Ground out 6-3 (Groundball, 56, EV 71.3 MPH)
Batting: RHB Xavier Gómez 0-0: Called Strike
0-1: Ball
1-1: Called Strike
1-2: Ball
2-2: Ground out 4-3 (Groundball, 34, EV 110.6 MPH)
Top of the 9th over - 0 runs, 0 hits, 0 errors, 0 left on base; DSL Arizona 5 - DSL Chicago (A) 3
BOTTOM OF THE 9TH
DSL Chicago (A) White Sox batting - Pitching for DSL Arizona Diamondbacks : RHP Cristo Martínez
Pitching: RHP António López
Now in RF: Luis García
Pinch Hitting: LHB Ben Malone 0-0: Ball
1-0: Ground out 4-3 (Groundball, 34D, EV 98.8 MPH)
Pinch Hitting: RHB Bernardo Rivas 0-0: Called Strike
0-1: Ball
1-1: Called Strike
1-2: Ball
2-2: Foul Ball, location: 23F
2-2: Foul Ball, location: 2F
2-2: Strikes out swinging
Pinch Hitting: LHB Albert Marrero 0-0: Ball
1-0: Ball
2-0: Ground out 4-3 (Groundball, 4, EV 87.5 MPH)
Bottom of the 9th over - 0 runs, 0 hits, 0 errors, 0 left on base; DSL Arizona 5 - DSL Chicago (A) 3
Wednesday, April 3rd , 2024 - OOTP Baseball 24.10 Build 82